 Dungeon Crawl Stone Soup version 0.29.1-12-g30fa7ad0bf (webtiles) character file.

Game seed: 16001572694731302355

564800 Xenoroth98 the Conqueror (level 25, -6/257 HPs)
             Began as a Minotaur Berserker on Jan 2, 2023.
             Was a High Priest of Trog.
             Mangled by an Orb Guardian (13 damage)
             ... on level 5 of the Realm of Zot.
             The game lasted 02:05:16 (64709 turns).

Xenoroth98 the Conqueror (Minotaur Berserker)      Turns: 64709, Time: 02:05:17

Health: -6/257     AC: 45    Str: 39    XL:     25   Next: 45%
Magic:  22/22      EV: 15    Int:  4    God:    Trog [*****.]
Gold:   8747       SH:  0    Dex:  8    Spells: 24/24 levels left

rFire   + + +      SeeInvis +   N - +8 frozen axe "Frostbite" {freezing cloud, *Noise Fly rC+}
rCold   + + +      Faith    .   (shield currently unavailable)
rNeg    . . .      Spirit   .   e - +9 gold dragon scales
rPois   +          Reflect  .   (helmet restricted)
rElec   +          Harm     .   O - +3 cloak of the Jumping Gods {rPois rC++ Str+4}
rCorr   +          Rampage  .   Q - +0 pair of gloves "Tirhysch" {rCorr Slay+2}
Will    ++++.                   U - +1 pair of boots of Keomoiw {rElec Will+ rCorr Dex-4}
Stlth   ..........              u - amulet of regeneration
HPRegen 2.32/turn               d - ring of Wusuem {rElec rF++ rCorr SInv}
MPRegen 0.18/turn               j - ring "Qoc Wadumi" {rCorr Str+5}

@: about to teleport, strong-willed, on berserk cooldown, flying, regenerating,
studying Stealth
A: horns 2, retaliatory headbutt, clumsy 1, screaming 2
}: 3/15 runes: decaying, serpentine, silver
a: Renounce Religion, Berserk, Trog's Hand, Brothers in Arms


You were on level 5 of the Realm of Zot.
You worshipped Trog.
Trog was extremely pleased with you.
You visited 9 branches of the dungeon, and saw 45 of its levels.
You also visited: Gauntlet and Ice Cave.

You collected 10824 gold pieces.
You spent 2077 gold pieces at shops.

Inventory:

Hand Weapons
 N - the +8 frozen axe "Frostbite" (weapon) {freezing cloud, *Noise Fly rC+}
   (Trog gifted it to you on level 5 of the Lair of Beasts)

   It freezes those it strikes, dealing additional cold damage.
   It can also slow down cold-blooded creatures.
   It occasionally leaves clouds of freezing vapour upon striking a foe.
   It grants immunity to clouds of freezing vapour.
   rC:        It protects you from cold.
   Fly:       It grants you flight.
   *Noise:    It may make noises in combat.
Missiles
 m - 66 poisoned darts
 x - 7 throwing nets
Armour
 e - +9 gold dragon scales (worn)
 v - the +3 pair of mountain boots {steadfast, rC+}
   (You acquired it on level 15 of the Dungeon)

   It prevents involuntary movement, except for blinking, teleportation, or
   banishment.
   rC:        It protects you from cold.
 J - the +1 cloak of Starlight {*Dazzle EV+4 Stlth--}
   (You found it on level 4 of the Lair of Beasts)

   It may blind those who miss an attack against the wearer in melee combat.
   EV:        It affects your evasion (+4).
   Stlth:     It makes you much less stealthy.
 O - the +3 cloak of the Jumping Gods (worn) {rPois rC++ Str+4}
   (You acquired it on level 3 of the Snake Pit)

   Str:       It affects your strength (+4).
   rC:        It greatly protects you from cold.
   rPois:     It protects you from poison.
 Q - the +0 pair of gloves "Tirhysch" (worn) {rCorr Slay+2}
   (You found it in a Gauntlet)

   Slay:      It affects your accuracy & damage with ranged weapons and melee
   (+2).
   rCorr:     It protects you from acid and corrosion.
 U - the +1 pair of boots of Keomoiw (worn) {rElec Will+ rCorr Dex-4}
   (You found it in an ice cave)

   Dex:       It affects your dexterity (-4).
   rElec:     It insulates you from electricity.
   rCorr:     It protects you from acid and corrosion.
   Will:      It increases your willpower.
Jewellery
 a - the ring "Uzaim" {rF+ Will+ Int+3}
   (You found it on level 4 of the Swamp)

   [ring of willpower]

   Int:       It affects your intelligence (+3).
   rF:        It protects you from fire.
   Will:      It increases your willpower.
 d - the ring of Wusuem (left hand) {rElec rF++ rCorr SInv}
   (You found it on level 1 of the Realm of Zot)

   [ring of see invisible]

   rF:        It greatly protects you from fire.
   rElec:     It insulates you from electricity.
   SInv:      It lets you see invisible.
   rCorr:     It protects you from acid and corrosion.
 j - the ring "Qoc Wadumi" (right hand) {rCorr Str+5}
   (You took it off a centaur warrior on level 14 of the Dungeon)

   [ring of resist corrosion]

   Str:       It affects your strength (+5).
   rCorr:     It protects you from acid and corrosion.
 o - the ring of Ymehuq {rElec MP+9 Str+4}
   (You found it in a Gauntlet)

   [ring of magical power]

   Str:       It affects your strength (+4).
   rElec:     It insulates you from electricity.
   MP:        It affects your magic capacity (+9).
 u - an amulet of regeneration (around neck)
 G - a ring of fire
 L - a ring of willpower
 R - a ring of positive energy
 Z - an amulet of reflection
Wands
 n - a wand of iceblast (51)
 s - a wand of paralysis (57)
 t - a wand of polymorph (6)
 y - a wand of acid (24) (quivered)
 B - a wand of mindburst (3)
 D - a wand of digging (63)
 I - a wand of flame (15)
Scrolls
 h - 9 scrolls of magic mapping
 i - a scroll of silence
 C - 20 scrolls of teleportation
 F - 5 scrolls of fear
 K - 9 scrolls of enchant weapon
 M - 8 scrolls of butterflies
Potions
 b - 13 potions of heal wounds
 c - a potion of cancellation
 f - a potion of magic
 g - 7 potions of might
 k - 4 potions of invisibility
 l - 21 potions of curing
 p - 12 potions of haste
 z - 9 potions of mutation
 E - 10 potions of ambrosia
 H - 2 potions of berserk rage
 V - 2 potions of resistance
Miscellaneous
 w - a phantom mirror
 P - a condenser vane
 S - a phial of floods
 T - a phantom mirror
 W - a phial of floods
 X - a lightning rod (4/4)
 Y - a condenser vane


   Skills:
 O Level 27 Fighting
 O Level 27 Axes
 * Level 25.8 Armour
 + Level 25.4 Dodging
 - Level 12.2 Shields
 - Level 7.7 Evocations


You had 24 spell levels left.
You didn't know any spells.
Your spell library was empty.

Dungeon Overview and Level Annotations

Branches:
Dungeon (15/15)            Temple (0/1) D:7            Lair (5/5) D:9
  Swamp (4/4) Lair:2        Snake (4/4) Lair:3        Slime (0/5) Lair:5
    Orc (2/2) D:10            Elf (1/3) Orc:2        Vaults (5/5) D:14
  Crypt (0/3) Vaults:3     Depths (4/4) D:15            Zot (5/5) Depths:4
  IceCv (visited)         Gauntlet (visited)

Altars:
Ashenzari
Cheibriados
Elyvilon
Gozag
Hepliaklqana
Makhleb
Nemelex Xobeh
Sif Muna
Uskayaw
Vehumet
Wu Jian
Yredelemnul
The Shining One
Jiyva

Shops:
D:5 (*   D:13 (   Orc:2 ?!*:   Elf:1 *   Snake:4 !!((*   Vaults:4 =!(   Zot:2 *
Depths:3 (

Portals:
Hell: Depths:1 Depths:2 Depths:3 Depths:4
Abyss: Depths:1 Depths:3
Pandemonium: Depths:2 Depths:4
Ziggurat: Depths:2
Trove: Vaults:4 (give horn of Geryon)

Annotations:
Lair:5 exclusion: oklob plant
Depths:2 2 transporters, exclusion: obsidian statue
Depths:3 3 runed translucent doors, Imio's ghost, adept DgCj


Innate Abilities, Weirdness & Mutations

You have a pair of horns on your head.
You reflexively headbutt those who attack you in melee.
You are clumsy. (Dex -2)
You frequently scream uncontrollably at your foes.


Message History

The curse toe is unaffected.
Your death cob dissolves into shadows!
The Executioner hits you but does no damage. x3
The Executioner hits you!
* * * LOW HITPOINT WARNING * * *
The Executioner barely misses you.
The Executioner hits you but does no damage.
The Killer Klown blinks!
The dread lich touches you!
* * * LOW HITPOINT WARNING * * *
An Orb Guardian comes into view.
The Executioner hits you but does no damage. x3
The Orb Guardian hits you but does no damage.
The Ice Fiend calls on the powers of darkness!
The golden dragon convulses!
The Orb Guardian convulses!
The Killer Klown convulses!
The Orb Guardian convulses! x2
Your body is wracked with pain!
* * * LOW HITPOINT WARNING * * *
The Orb Guardian convulses! x4
Okay, then.
Okay, then.
Okay, then.
Okay, then.
Okay, then.
As you read the scroll of teleportation, it crumbles to dust.
You feel strangely unstable.
You feel the Orb delaying your translocation!
The Executioner closely misses you. The Executioner misses you.
The Executioner hits you but does no damage.
The orb of fire glows red.
Strange energies course through your body.
You feel a strong urge to scream.
The Ice Fiend calls on the powers of darkness!
The Orb Guardian convulses!
The golden dragon convulses!
The Killer Klown convulses!
The Orb Guardian convulses!
Your body is wracked with pain!
* * * LOW HITPOINT WARNING * * *
The Orb Guardian convulses! x3
An Orb Guardian comes into view.
The Orb Guardian hits you!
You die...

**,......§☼.......,,,,,,*,
*▓.............X.,,,,,,,,
**.............X..,,,,,,*,
**,.......°....^...,,,,^,**
*,,.......○........,,,,,,**
*,,.......1zD......,,,,,,*
**,....^...LX1.....,,,,,**
**......pL1..^....,,,***
*▓....§X@LX......****
▓▓^...*##▓▓▓▓▓▓▓*****
*#......,,,,,,,,,^^,,***
**.......,,,^,,,,,**,,,,**
**,.......,,,,,,,,,,***,,,*
*,,.......,,,^,,,,,,,***,,,
*,,.......,,,,,,,,,,,* **,^
*,^.......,,,,,,^,,^,* *^,
*,,,,,,,,,,,,,,,,^,,,* **,


You could see an orb of fire, a Killer Klown, a golden dragon (fleeing), an
ancient lich (invisible), 2 dread liches, 2 Ice Fiends, a curse toe, 5 Orb
Guardians and an Executioner (summoned, fast).

Vanquished Creatures
  An orb of fire (Zot:1)
  5 dread liches
  An ancient lich (Zot:5)
  Mennas (Depths:3)
  Mara (Swamp:3)
  3 Killer Klowns
  The ghost of Emnejil the Slayer, a master VSBe of Trog (Zot:2)
  10 golden dragons
  3 curse toes
  2 Tzitzimimeh (Depths:4)
  2 doom hounds (Depths:4)
  Rupert (D:15)
  5 Orb Guardians (Zot:5)
  Jorgrun (Swamp:1)
  3 liches
  4 titans
  21 tentacled monstrosities
  Grunn (Depths:4)
  5 quicksilver dragons
  8 death cobs
  3 sphinxes
  16 storm dragons
  2 thorn hunters
  13 shadow dragons
  Donald (Vaults:2)
  7 nagarajas
  7 draconian monks
  9 draconian knights
  A revenant (Vaults:3)
  6 fenstrider witches
  2 iron dragons
  6 tengu reavers
  8 fire giants
  Aizul (Swamp:4)
  11 draconian scorchers
  2 draconian shifters
  4 frost giants
  9 ghost moths
  An orc warlord (Vaults:4)
  The ghost of Ychix the Thaumaturge, a journeyman GnSk of Makhleb (Swamp:4)
  14 vault wardens
  4 deep elf sorcerers
  6 draconian stormcallers
  10 draconian annihilators
  3 reapers (Depths:4)
  11 stone giants
  15 very ugly things
  15 ironbound preservers
  2 deep elf demonologists (Elf:1)
  The ghost of opiumtea the Severer, a journeyman MiBe of Trog (Lair:4)
  A caustic shrike skeleton (Depths:1)
  13 ironbound thunderhulks
  4 vampire knights
  2 war gargoyles (Vaults:5)
  3 eleionomae
  18 green draconians
  6 bunyips
  15 yellow draconians
  11 dire elephants
  3 entropy weavers
  A spark wasp (Depths:1)
  2 deep elf annihilators
  11 red draconians
  11 black draconians
  8 white draconians
  A putrid mouth (Depths:3)
  14 purple draconians
  A minotaur (Gauntlet)
  4 blizzard demons
  A green death (Swamp:4)
  14 ettins
  2 deep elf death magi
  9 fire dragons
  7 deep elf high priests
  2 crystal guardians (Vaults:3)
  8 great orbs of eyes
  16 yaktaur captains
  Josephine (D:13)
  A rakshasa (Depths:1)
  2 shambling mangroves
  Harold (Lair:2)
  10 ice dragons
  5 spriggan air magi
  A hell beast (Depths:4)
  5 boulder beetles
  An ice dragon (shapeshifter) (Zot:1)
  3 ironbound frosthearts
  11 salamander tyrants
  25 vault guards
  3 ghost crabs
  A catoblepas (Lair:5)
  17 hydras
  A caustic shrike simulacrum (IceCv)
  2 peacekeepers (Vaults:3)
  4 ogre magi
  9 centaur warriors
  6 two-headed ogres
  16 anacondas
  2 dancing weapons (D:14)
  10 alligators
  19 naga warriors
  10 deep troll shamans
  7 tengu warriors
  9 death yaks
  6 spriggans
  5 deep troll earth magi
  4 deep elf knights
  2 sun demons (Depths:4)
  6 orc high priests
  A shock serpent (shapeshifter) (Depths:4)
  Sonja (Orc:2)
  19 naga sharpshooters
  11 shock serpents
  4 spriggan berserkers
  2 soul eaters
  A fire crab (Gauntlet)
  3 hell knights (Depths:3)
  3 sixfirhies
  5 salamander mystics
  7 skeletal warriors (D:15)
  A golden dragon zombie (Depths:1)
  7 iron trolls
  4 goliath frogs
  4 glowing orange brains
  A deep troll (shapeshifter) (Depths:1)
  A death drake (Swamp:4)
  59 deep trolls
  2 sea snakes (Snake:2)
  5 bog bodies
  2 spriggan druids (Swamp:4)
  2 swamp dragons (shapeshifter)
  17 ironbound convokers
  8 swamp dragons
  A steelbarb worm (shapeshifter) (D:15)
  2 obsidian statues
  6 deep elf archers (Elf:1)
  4 naga ritualists
  11 wizards
  4 phantasmal warriors (Vaults:5)
  12 lindwurms
  4 harpies (Vaults:1)
  18 orc knights
  10 spriggan simulacra (IceCv)
  An oklob plant (Lair:3)
  10 mana vipers
  5 necromancers
  7 manticores
  12 deep elf pyromancers
  9 deep elf zephyrmancers
  44 ugly things
  5 will-o-the-wisps
  35 salamanders
  4 orc sorcerers
  A stone giant zombie (Depths:1)
  A moth of wrath (shapeshifter) (Vaults:5)
  7 cyclopes
  27 moths of wrath
  24 vault sentinels
  A frost giant skeleton (Depths:1)
  12 guardian serpents
  Joseph (D:9)
  An ice statue (Swamp:3)
  5 elephants
  44 black mambas
  16 naga magi
  A titan simulacrum (Depths:1)
  2 orange demons (Swamp:4)
  Maggie (D:6)
  8 cane toads
  A hellion (Depths:2)
  2 unseen horrors
  3 efreet
  8 komodo dragons
  A yaktaur (shapeshifter) (Elf:1)
  A tengu conjurer (Depths:3)
  10 ice devils
  7 rime drakes
  48 yaktaurs
  2 freezing wraiths
  An anaconda simulacrum (IceCv)
  2 kobold demonologists
  3 tormentors
  7 trolls
  A queen bee (Lair:2)
  A spriggan skeleton (Depths:1)
  10 hornets
  A troll (shapeshifter) (Elf:1)
  A tarantella (Vaults:3)
  A wolf spider simulacrum (Gauntlet)
  Grinder (D:5)
  26 slime creatures
  10 tyrant leeches
  14 dream sheep
  11 blink frogs
  A jumping spider (shapeshifter) (Depths:4)
  Prince Ribbit (D:6)
  2 air elementals (Elf:1)
  A dream sheep (shapeshifter) (Vaults:2)
  A flying skull (Vaults:3)
  Sigmund (D:3)
  3 dire elephant simulacra (IceCv)
  A vampire (D:10)
  3 jumping spiders
  3 centaur simulacra
  2 shadows
  2 water elementals
  40 yaks
  A fire elemental (Elf:1)
  8 wraiths
  15 wyverns
  9 basilisks
  A ynoxinul (Depths:2)
  A yak (shapeshifter) (Vaults:3)
  4 fire bats (Gauntlet)
  4 redbacks
  A neqoxec (Swamp:4)
  18 vampire mosquitoes
  7 steam dragons
  5 chaos spawn
  Menkaure (D:6)
  23 swamp worms
  50 nagas
  6 wargs
  An acid dragon (shapeshifter) (D:14)
  An acid dragon (D:7)
  3 minotaur simulacra (IceCv)
  2 harpy simulacra (IceCv)
  17 water moccasins
  Duvessa (D:7)
  2 hydra simulacra
  2 black bears
  A swamp drake (Swamp:2)
  A hell hound (Gauntlet)
  2 alligator simulacra (IceCv)
  41 orc warriors
  2 ice beasts
  2 sky beasts (D:8)
  18 wolves
  5 ogres
  6 centaurs
  2 phantoms (D:5)
  5 kobold brigands
  15 bullfrogs
  2 necrophages
  2 gnoll sergeants (D:9)
  7 deep troll simulacra (IceCv)
  An earth elemental (Elf:1)
  4 scorpions
  A tengu simulacrum (Depths:1)
  10 wights
  Dowan (D:7)
  4 lindwurm simulacra (IceCv)
  25 killer bees
  8 howler monkeys
  2 electric eels (Lair:2)
  A gnoll bouda (D:9)
  3 hounds
  2 jellies
  37 orc priests
  Crazy Yiuf (D:4)
  A scorpion zombie (D:3)
  2 iguanas
  31 orc wizards
  8 hell rats (Lair:5)
  A boggart simulacrum (Gauntlet)
  5 adders
  13 gnolls
  A shadow imp (D:5)
  An ufetubus (D:5)
  An adder zombie (D:3)
  2 worms
  2 dart slugs
  91 orcs
  5 bats
  4 endoplasms
  5 giant cockroaches
  10 goblins
  9 hobgoblins
  2 jackals (D:4)
  31 kobolds
  2 quokkas
  7 ball pythons
  3 frilled lizards
  7 rats
  2 briar patches (Swamp:1)
2063 creatures vanquished.

Vanquished Creatures (collateral kills)
  An electric golem (Zot:5)
  2 Orb Guardians (Zot:5)
  A titan (Vaults:5)
  A fire giant (Vaults:5)
  2 vault wardens
  An entropy weaver (Vaults:4)
  3 vault guards (Vaults:5)
  An orc high priest (Orc:2)
  A wizard (Vaults:4)
  An ironbound convoker (Vaults:5)
  An ugly thing (Vaults:4)
  A yaktaur (Vaults:4)
  4 orc warriors (Orc:2)
  3 orc priests (Orc:2)
  6 orcs (Orc:2)
29 creatures vanquished.

Vanquished Creatures (others)
  A draconian knight (Zot:1)
  A curse skull (Vaults:3)
  A white draconian (Zot:1)
  A red draconian (Zot:1)
  A deep elf archer (Elf:1)
  2 wizards (Vaults:2)
  2 yaktaurs
  3 bloated husks
  A phantom (D:5)
  A scorpion (D:5)
  An orc priest (Orc:2)
  3 orcs
  3 briar patches (Swamp:1)
  4 foxfires
  27 fungi
  30 plants
82 creatures vanquished.

Grand Total: 2174 creatures vanquished

Notes
Turn   | Place    | Note
-------+----------+-------------------------------------------
     0 | D:1      | Xenoroth98 the Minotaur Berserker began the quest for the
                  | Orb.
     0 | D:1      | Reached XP level 1. HP: 19/19 MP: 0/0
    25 | D:1      | Reached XP level 2. HP: 19/27 MP: 1/1
   276 | D:1      | Found a faded altar of an unknown god.
   513 | D:1      | Reached XP level 3. HP: 33/33 MP: 2/2
   905 | D:2      | Reached ** piety under Trog
  1565 | D:3      | Reached skill level 5 in Axes
  1585 | D:3      | Reached XP level 4. HP: 37/41 MP: 3/3
  1645 | D:3      | Found a basalt altar of Yredelemnul.
  1784 | D:3      | Reached skill level 1 in Shields
  1973 | D:3      | Noticed Sigmund
  1983 | D:3      | Killed Sigmund
  1984 | D:3      | Reached skill level 5 in Fighting
  1984 | D:3      | Reached XP level 5. HP: 48/48 MP: 4/4
  1984 | D:3      | Reached XP level 6. HP: 56/56 MP: 5/5
  2559 | D:4      | Reached *** piety under Trog
  2624 | D:4      | Reached XP level 7. HP: 61/63 MP: 6/6
  2661 | D:4      | You fall into a shaft and drop 2 floors!
  2768 | D:6      | Noticed Maggie
  2813 | D:6      | Killed Maggie
  3015 | D:6      | Noticed Menkaure
  3021 | D:6      | Killed Menkaure
  3049 | D:6      | Found a broken altar of Ashenzari.
  3084 | D:6      | Reached XP level 8. HP: 68/73 MP: 7/7
  3141 | D:6      | Reached skill level 5 in Armour
  3361 | D:6      | Noticed Prince Ribbit
  3368 | D:6      | Killed Prince Ribbit
  3585 | D:7      | Found a burning altar of Makhleb.
  3725 | D:7      | Reached skill level 5 in Shields
  3885 | D:7      | Reached XP level 9. HP: 68/82 MP: 8/8
  3889 | D:7      | Reached **** piety under Trog
  3948 | D:7      | Noticed Duvessa
  3951 | D:7      | Noticed Dowan
  3956 | D:7      | Killed Duvessa
  3969 | D:7      | Killed Dowan
  4095 | D:7      | Found a staircase to the Ecumenical Temple.
  4321 | D:8      | Paralysed by a hornet for 1 turns
  4325 | D:8      | Paralysed by a hornet for 1 turns
  4334 | D:8      | Reached skill level 10 in Axes
  4478 | D:8      | Reached skill level 10 in Fighting
  4564 | D:8      | Found a shimmering blue altar of Sif Muna.
  4778 | D:8      | Reached XP level 10. HP: 94/94 MP: 9/9
  5280 | D:9      | Found a staircase to the Lair.
  5412 | D:9      | Noticed Joseph
  5421 | D:9      | Killed Joseph
  5595 | D:9      | Noticed a black mamba
  5601 | D:9      | Noticed a centaur warrior
  5617 | D:9      | Noticed a centaur warrior
  5621 | D:9      | Killed a centaur warrior
  5622 | D:9      | Noticed a four-headed hydra
  5630 | D:10     | Entered Level 10 of the Dungeon
  5764 | D:10     | Noticed a two-headed ogre
  5773 | D:10     | Killed a two-headed ogre
  5774 | D:10     | Reached XP level 11. HP: 62/104 MP: 10/10
  6163 | D:10     | Reached ***** piety under Trog
  6181 | D:10     | Found a sparkling altar of Nemelex Xobeh.
  6642 | D:10     | Found a staircase to the Orcish Mines.
  6644 | D:10     | Found a hazy altar of Hepliaklqana.
  6647 | D:10     | Found an ornate altar of the Wu Jian Council.
  6811 | D:10     | Found a hide-covered altar of Uskayaw.
  7162 | D:9      | Noticed a swamp dragon
  7174 | D:9      | Killed a swamp dragon
  7183 | D:9      | Killed a seven-headed hydra
  7326 | D:9      | Noticed a two-headed ogre
  7335 | D:9      | Killed a two-headed ogre
  7338 | D:9      | Killed a centaur warrior
  7359 | D:9      | Noticed a four-headed hydra
  7566 | D:9      | Reached skill level 10 in Armour
  7589 | D:9      | Paralysed by an orc warrior for 3 turns
  7639 | D:9      | Found a snail-covered altar of Cheibriados.
  7752 | D:9      | Killed a six-headed hydra
  7822 | D:9      | Noticed a two-headed ogre
  7825 | D:9      | Paralysed by an orc warrior for 4 turns
  7832 | D:9      | Killed a two-headed ogre
  7833 | D:9      | Reached XP level 12. HP: 87/113 MP: 11/11
  8062 | D:9      | Noticed a tengu warrior
  8078 | D:9      | Killed a tengu warrior
  8079 | D:9      | Reached skill level 10 in Shields
  8358 | Lair:1   | Entered Level 1 of the Lair of Beasts
  8379 | Lair:1   | Reached skill level 15 in Axes
  9050 | Lair:2   | Noticed Harold
  9060 | Lair:2   | Killed Harold
  9475 | Lair:2   | Found a staircase to the Swamp.
  9767 | Lair:2   | Identified the +3 whip of Nemelex Xobeh's Esteem {vamp,
                  | rF++}
 10410 | D:5      | Entered Level 5 of the Dungeon
 10410 | D:5      | Found Emotim Juin's Assorted Antiques.
 10478 | D:5      | Found a white marble altar of Elyvilon.
 10531 | D:5      | Noticed Grinder
 10537 | D:5      | Killed Grinder
 10592 | D:5      | Received a gift from Trog
 10814 | D:5      | Found Poing's Weapon Emporium.
 11273 | D:4      | Found a runed translucent door.
 11274 | D:4      | Noticed Crazy Yiuf
 11377 | D:4      | Killed Crazy Yiuf
 11541 | Lair:3   | Reached XP level 13. HP: 116/123 MP: 12/12
 11871 | Lair:3   | Found a staircase to the Snake Pit.
 12463 | Lair:4   | Found the +1 cloak of Starlight {*Dazzle EV+4 Stlth--}
 12636 | Lair:4   | Found a runed translucent door.
 12677 | Lair:4   | Noticed opiumtea's ghost (journeyman MiBe)
 13020 | Lair:4   | You fall into a shaft and drop 1 floor!
 13020 | Lair:5   | Entered Level 5 of the Lair of Beasts
 13022 | Lair:5   | Received a gift from Trog
 13226 | Lair:5   | Found a viscous altar of Jiyva.
 13510 | Lair:5   | Reached XP level 14. HP: 112/133 MP: 13/13
 13519 | Lair:5   | Reached skill level 5 in Dodging
 13544 | Lair:5   | Reached skill level 15 in Fighting
 13573 | Lair:5   | Reached ****** piety under Trog
 13760 | Lair:5   | Received a gift from Trog
 13760 | Lair:5   | Found the +8 frozen axe "Frostbite" {freezing cloud, *Noise
                  | Fly rC+}
 14028 | Lair:5   | Identified the +5 plate armour of Indestructible Wonder
                  | {rN+ Will+}
 14907 | Lair:4   | Killed opiumtea's ghost
 15327 | D:11     | Identified the ring "Tuustrem" {Wiz Dex+8}
 15918 | D:12     | Found a gate leading to a gauntlet.
 15931 | Gauntlet | Entered a Gauntlet
 15931 | Gauntlet | Found a transporter.
 15931 | Gauntlet | Found a transporter.
 15931 | Gauntlet | Found a transporter.
 15932 | Gauntlet | Found a transporter.
 15935 | Gauntlet | Found a transporter.
 15970 | Gauntlet | Found a transporter.
 16178 | Gauntlet | Identified the +0 pair of gloves "Tirhysch" {rCorr Slay+2}
 16198 | Gauntlet | Found a transporter.
 16265 | Gauntlet | Identified the ring of Ymehuq {rElec MP+9 Str+4}
 16319 | Gauntlet | Found a transporter.
 16905 | D:13     | Found Ruac's Antique Weapon Emporium.
 17052 | D:13     | Noticed Josephine
 17061 | D:13     | Killed Josephine
 17729 | D:14     | Reached XP level 15. HP: 143/143 MP: 14/14
 17733 | D:14     | Identified the ring "Qoc Wadumi" {rCorr Str+5}
 17758 | D:14     | Received a gift from Trog
 18038 | D:14     | Found a gate to the Vaults.
 18635 | D:15     | Entered Level 15 of the Dungeon
 18635 | D:15     | Noticed Rupert
 18643 | D:15     | Killed Rupert
 18702 | D:15     | Reached skill level 10 in Dodging
 19149 | D:15     | Found a staircase to the Depths.
 19441 | D:15     | Identified a scroll of acquirement
 19993 | D:15     | Acquired the +3 pair of mountain boots {steadfast, rC+}
 19993 | D:15     | Found the +3 pair of mountain boots {steadfast, rC+}
 20119 | Orc:1    | Entered Level 1 of the Orcish Mines
 20125 | Orc:1    | Received a gift from Trog
 20207 | Orc:2    | Entered Level 2 of the Orcish Mines
 20337 | Orc:2    | Found a staircase to the Elven Halls.
 20347 | Orc:2    | Noticed Sonja
 20370 | Orc:2    | Killed Sonja
 21092 | Orc:2    | Received a gift from Trog
 21304 | Orc:2    | Found Alesm's Book Boutique.
 21304 | Orc:2    | Found Locugila's Magic Scroll Boutique.
 21305 | Orc:2    | Found Ola Igut's General Store.
 21305 | Orc:2    | Found Sabumys's Distillery.
 21313 | Orc:2    | Bought a potion of heal wounds for 60 gold pieces
 21313 | Orc:2    | Bought a potion of might for 48 gold pieces
 21315 | Orc:2    | Bought a potion of might for 64 gold pieces
 21315 | Orc:2    | Bought a potion of curing for 48 gold pieces
 21316 | Orc:2    | Bought a scroll of teleportation for 51 gold pieces
 21316 | Orc:2    | Bought a scroll of teleportation for 51 gold pieces
 21316 | Orc:2    | Bought a scroll of teleportation for 51 gold pieces
 21398 | Elf:1    | Entered Level 1 of the Elven Halls
 21406 | Elf:1    | Reached skill level 15 in Armour
 21414 | Elf:1    | Reached XP level 16. HP: 152/152 MP: 15/15
 21464 | Elf:1    | Found Cipyawac's CLEARANCE SALE!.
 21473 | Elf:1    | Bought 2 scrolls of teleportation for 30 gold pieces
 21588 | Elf:1    | Identified the +0 scimitar of Conscience {freeze, Will+
                  | Dex+2}
 21616 | Elf:1    | Paralysed by an air elemental for 1 turns
 21631 | Elf:1    | Received a gift from Trog
 21718 | Elf:1    | Noticed a Hell Sentinel
 21736 | Elf:1    | Found a runed translucent gate.
 21736 | Elf:1    | Found a runed translucent gate.
 21736 | Elf:1    | Found a runed translucent gate.
 21736 | Elf:1    | Found a runed translucent gate.
 21736 | Elf:1    | Found a runed translucent gate.
 21901 | Elf:1    | Noticed a shadow dragon
 21901 | Elf:1    | Noticed a storm dragon
 21902 | Elf:1    | Found a runed translucent gate.
 21951 | Elf:1    | Paralysed by an air elemental for 1 turns
 22310 | Elf:1    | Killed a storm dragon
 22360 | Elf:1    | Killed a shadow dragon
 22624 | Snake:1  | Entered Level 1 of the Snake Pit
 22780 | Snake:1  | Received a gift from Trog
 24323 | Snake:2  | Reached XP level 17. HP: 158/162 MP: 16/16
 24878 | Snake:2  | Found a runed translucent gate.
 24878 | Snake:2  | Found a runed translucent gate.
 24883 | Snake:2  | Found a runed translucent gate.
 25218 | Snake:3  | Received a gift from Trog
 25309 | Snake:3  | Identified the +8 shortbow of Xafantig {freeze, MP+9 SInv}
 25962 | Snake:3  | Acquired the +3 cloak of the Jumping Gods {rPois rC++
                  | Str+4}
 26213 | Snake:3  | Acquired 820 gold pieces
 26226 | Snake:4  | Entered Level 4 of the Snake Pit
 26254 | Snake:4  | Reached skill level 15 in Dodging
 26537 | Snake:4  | Identified the +6 hand axe of the Tired Ears {antimagic,
                  | Stlth+} (Trog gifted it to you on level 4 of the Snake Pit)
 26537 | Snake:4  | Received a gift from Trog
 28093 | Snake:4  | Reached XP level 18. HP: 173/173 MP: 17/17
 32243 | Snake:4  | Got a serpentine rune of Zot
 32330 | Snake:4  | Found a radiant altar of Vehumet.
 32372 | Snake:4  | Found Pietzur's Antique Weapon Boutique.
 32375 | Snake:4  | Found Ticoedu's General Store.
 32375 | Snake:4  | Found Anlu's Distillery.
 32380 | Snake:4  | Found Cataf's Antique Weapon Shop.
 32383 | Snake:4  | Bought a scroll of enchant weapon for 112 gold pieces
 32383 | Snake:4  | Bought a potion of heal wounds for 75 gold pieces
 32389 | Snake:4  | Bought a potion of haste for 170 gold pieces
 32389 | Snake:4  | Bought a potion of resistance for 170 gold pieces
 32398 | Snake:4  | Bought a scroll of teleportation for 45 gold pieces
 32431 | Snake:4  | Received a gift from Trog
 32867 | Snake:4  | Found Xos Veih's Distillery.
 32875 | Snake:4  | Bought a potion of heal wounds for 75 gold pieces
 32875 | Snake:4  | Bought a potion of curing for 45 gold pieces
 32875 | Snake:4  | Bought a potion of haste for 150 gold pieces
 32875 | Snake:4  | Bought a potion of might for 60 gold pieces
 32875 | Snake:4  | Bought a potion of might for 60 gold pieces
 32875 | Snake:4  | Bought a potion of resistance for 150 gold pieces
 32875 | Snake:4  | Bought a potion of heal wounds for 75 gold pieces
 33128 | Swamp:1  | Entered Level 1 of the Swamp
 33205 | Swamp:1  | Noticed Jorgrun
 33215 | Swamp:1  | Killed Jorgrun
 33516 | Swamp:1  | Found a broken altar of Ashenzari.
 33929 | Swamp:2  | Paralysed by a fenstrider witch for 5 turns
 34317 | Swamp:3  | Found a frozen archway.
 34342 | IceCv    | Entered an ice cave
 34366 | IceCv    | Received a gift from Trog
 34415 | IceCv    | Identified the +1 pair of boots of Keomoiw {rElec Will+
                  | rCorr Dex-4}
 34680 | IceCv    | Reached skill level 1 in Evocations
 34986 | Swamp:3  | Received a gift from Trog
 34995 | Swamp:3  | Noticed Mara
 35003 | Swamp:3  | Noticed Xenoroth98's illusion
 35009 | Swamp:3  | Killed Mara
 35525 | Swamp:4  | Entered Level 4 of the Swamp
 35529 | Swamp:4  | Reached XP level 19. HP: 183/183 MP: 18/18
 35580 | Swamp:4  | Found a transporter.
 35620 | Swamp:4  | Found a transporter.
 35625 | Swamp:4  | Noticed Ychix's ghost (journeyman GnSk)
 35929 | Swamp:4  | Received a gift from Trog
 36082 | Swamp:4  | Paralysed by a fenstrider witch for 3 turns
 36210 | Swamp:4  | Got a decaying rune of Zot
 36384 | Swamp:4  | Noticed Aizul
 36398 | Swamp:4  | Killed Aizul
 37088 | Depths:1 | Entered Level 1 of the Depths
 37088 | Depths:1 | Found a one-way gate to the infinite horrors of the Abyss.
 37239 | Depths:1 | Noticed a golden dragon
 37247 | Depths:1 | Killed a golden dragon
 37346 | Depths:1 | Acquired 614 gold pieces
 37369 | Depths:1 | Identified the +3 broad axe of Noon {vorpal, rC+ Will+
                  | Dex-5} (Trog gifted it to you on level 1 of the Depths)
 37369 | Depths:1 | Received a gift from Trog
 37768 | Depths:1 | Found a gateway to Hell.
 38108 | Depths:2 | Found a burning altar of Makhleb.
 38110 | Depths:2 | Paralysed by a vampire knight for 2 turns
 38415 | Depths:2 | Found a glowing golden altar of the Shining One.
 38568 | Depths:2 | Reached skill level 5 in Evocations
 38593 | Depths:2 | Found a one-way gate leading to the halls of Pandemonium.
 38597 | Depths:2 | Received a gift from Trog
 38668 | Depths:2 | Reached XP level 20. HP: 198/198 MP: 19/19
 38760 | Depths:2 | Found a transporter.
 38782 | Depths:2 | Found a transporter.
 38848 | Depths:2 | Found a one-way gateway to a ziggurat.
 39204 | Depths:3 | Paralysed by a vampire knight for 4 turns
 39346 | Depths:3 | Noticed Mennas
 39373 | Depths:3 | Killed Mennas
 39751 | Depths:3 | Found a runed translucent gate.
 39752 | Depths:3 | Found a runed translucent gate.
 39753 | Depths:3 | Found a runed translucent gate.
 39754 | Depths:3 | Noticed Imio's ghost (adept DgCj)
 39757 | Depths:3 | Found a viscous altar of Jiyva.
 39830 | Depths:3 | Found Jygouk's Antique Weapon Boutique.
 40386 | Depths:4 | Entered Level 4 of the Depths
 40390 | Depths:4 | Received a gift from Trog
 41196 | Depths:4 | Identified the +9 long sword of Pimor {drain, *Corrode
                  | Int+9}
 41259 | Depths:4 | Noticed a doom hound
 41260 | Depths:4 | Noticed Grunn
 41260 | Depths:4 | Noticed a doom hound
 41276 | Depths:4 | Killed a doom hound
 41516 | Depths:4 | Killed Grunn
 41745 | Depths:4 | Killed a doom hound
 42254 | Depths:4 | Found a gate to the Realm of Zot.
 42255 | Depths:4 | Noticed a golden dragon
 42273 | Depths:4 | Killed a golden dragon
 42945 | Depths:4 | Identified the +4 spear of the Shining Light {freeze,
                  | +Blink rN++ Str-2}
 43427 | Vaults:1 | Entered Level 1 of the Vaults
 43440 | Vaults:1 | Received a gift from Trog
 44065 | Swamp:4  | Reached XP level 21. HP: 209/209 MP: 20/20
 44075 | Swamp:4  | Identified the ring "Uzaim" {rF+ Will+ Int+3}
 44080 | Swamp:4  | Killed Ychix's ghost
 44666 | Vaults:1 | Received a gift from Trog
 45674 | Vaults:2 | Identified the +8 longbow of Pivul {venom, rF+ rC- Will+++
                  | Str+4}
 45729 | Vaults:2 | Noticed Donald
 45738 | Vaults:2 | Killed Donald
 45892 | Vaults:2 | Received a gift from Trog
 47452 | Vaults:3 | Reached XP level 22. HP: 208/222 MP: 21/21
 47498 | Vaults:3 | Received a gift from Trog
 48438 | Vaults:3 | Found a staircase to the Crypt.
 48958 | Vaults:4 | Found a portal to a secret trove of treasure.
 49052 | Vaults:4 | Received a gift from Trog
 51274 | Vaults:4 | Found Ynuj's Weapon Shoppe.
 51424 | Vaults:4 | Identified the +4 spear "Arcanum" {drain, rF+}
 51487 | Vaults:4 | Found Vavoimis's Jewellery Shop.
 51662 | Vaults:4 | Identified the +4 hand axe of Trog's Righteous Anger
                  | {vorpal, Will+} (Trog gifted it to you on level 4 of the
                  | Vaults)
 51662 | Vaults:4 | Received a gift from Trog
 51866 | Vaults:4 | Found Muqaneg's Distillery.
 51874 | Vaults:4 | Bought a potion of curing for 54 gold pieces
 51874 | Vaults:4 | Bought a potion of curing for 54 gold pieces
 51874 | Vaults:4 | Bought a potion of curing for 54 gold pieces
 52292 | Vaults:4 | Bought a potion of heal wounds for 90 gold pieces
 52332 | Vaults:5 | Entered Level 5 of the Vaults
 52332 | Vaults:5 | Noticed a dread lich
 52350 | Vaults:5 | Killed a dread lich
 52671 | Vaults:5 | Reached XP level 23. HP: 120/234 MP: 22/22
 54055 | Vaults:5 | Identified the +2 rapier "Goblinslayer" {vorpal, Fragile
                  | rF++}
 54064 | Vaults:5 | Received a gift from Trog
 54081 | Vaults:5 | Noticed a dread lich
 54088 | Vaults:5 | Identified the ring "Hussoj" {rElec rPois Int+3}
 54492 | Vaults:5 | Killed a dread lich
 55045 | Vaults:5 | Identified the +1 plate armour of Pride {rF- MP+9 Dex+2}
 55180 | Vaults:5 | Received a gift from Trog
 55664 | Vaults:5 | Identified the +1 longbow of Ruination {flame, Will++
                  | Str-3}
 55668 | Vaults:5 | Got a silver rune of Zot
 55676 | Vaults:5 | Identified the +3 war axe of Okawaru's Hatred {vorpal,
                  | Str+6 Dex+3}
 56029 | Vaults:5 | Identified the +10 hand axe "Raruq" {freeze, rN+++ Int-5
                  | Dex+4 Stlth+}
 56370 | Zot:1    | Entered Level 1 of the Realm of Zot
 57863 | Zot:1    | Identified the ring of Wusuem {rElec rF++ rCorr SInv}
 57968 | Zot:1    | Noticed an orb of fire
 57969 | Zot:1    | Noticed a dread lich
 57972 | Zot:1    | Identified the +7 broad axe "Spiderbane" {vorpal, Int+4
                  | SInv}
 57977 | Zot:1    | Killed an orb of fire
 57984 | Zot:1    | Killed a dread lich
 58001 | Zot:1    | Reached XP level 24. HP: 247/247 MP: 0/22
 58013 | Zot:1    | Received a gift from Trog
 58407 | Zot:1    | Identified the +1 leather armour of Sharp Music {Stlth+}
 58873 | Zot:1    | Identified the +1 robe of Lugonu, Hurtling {rPois rF+
                  | Dex+4}
 59119 | Zot:2    | Found a runed translucent gate.
 59119 | Zot:2    | Found a runed translucent gate.
 59120 | Zot:2    | Found a runed translucent gate.
 59121 | Zot:2    | Found an opulent altar of Gozag.
 59139 | Zot:2    | Noticed Emnejil's ghost (master VSBe)
 59160 | Zot:2    | Found Uhihoesh's Assorted Antiques.
 59320 | Zot:2    | Killed Emnejil's ghost
 59321 | Zot:2    | Reached skill level 27 in Fighting
 59502 | Zot:2    | Bought a potion of heal wounds for 235 gold pieces
 60953 | Zot:3    | Received a gift from Trog
 60955 | Zot:3    | Noticed a Killer Klown
 61114 | Zot:3    | Killed a Killer Klown
 61574 | Zot:3    | Noticed a Killer Klown
 61580 | Zot:3    | Killed a Killer Klown
 62441 | Zot:4    | Reached XP level 25. HP: 154/257 MP: 22/22
 62451 | Zot:4    | Received a gift from Trog
 64067 | Zot:4    | Noticed a Killer Klown
 64076 | Zot:4    | Killed a Killer Klown
 64076 | Zot:4    | Received a gift from Trog
 64627 | Zot:5    | Entered Level 5 of the Realm of Zot
 64663 | Zot:5    | Noticed a dread lich
 64676 | Zot:5    | Killed a dread lich
 64677 | Zot:5    | Noticed a dread lich
 64681 | Zot:5    | Noticed an ancient lich
 64682 | Zot:5    | Paralysed by a dread lich for 4 turns
 64687 | Zot:5    | Killed an ancient lich
 64688 | Zot:5    | Reached skill level 27 in Axes
 64690 | Zot:5    | Killed a dread lich
 64692 | Zot:5    | Noticed an orb of fire
 64695 | Zot:5    | Gained mutation: You occasionally shout uncontrollably at
                  | your foes. [an orb of fire]
 64697 | Zot:5    | Noticed a dread lich
 64697 | Zot:5    | Noticed an orb of fire
 64697 | Zot:5    | Noticed an ancient lich
 64697 | Zot:5    | Noticed a Killer Klown
 64697 | Zot:5    | Noticed a dread lich
 64706 | Zot:5    | Gained mutation: You are clumsy. (Dex -2) [an orb of fire]
 64708 | Zot:5    | HP: 10/257 [???[a dread lich] (7)]
 64709 | Zot:5    | Gained mutation: You frequently scream uncontrollably at
                  | your foes. [an orb of fire]
 64709 | Zot:5    | Mangled by an Orb Guardian

Illustrated notes

Levels and vault maps discovered:
D:1:      grunt_arrival_lava_bath, layout_rooms,
          chequers_ecumenical_altar_lobes, minmay_small_reverse_x
D:2:      layout_loops_cross
D:3:      layout_rooms, lemuel_zombie_altar_yredelemnul, minmay_close_crescents,
          uniq_sigmund
D:4:      layout_rooms, minmay_manual_mail, uniq_crazy_yiuf_cottage
D:5:      layout_loops_ring, nicolae_elyvilon_peaceful_grove, serial_shops,
          shop_statue, nicolae_stop_n_shop_2, lemuel_flame_loot_1, uniq_grinder
D:6:      layout_basic, ashenzari_conservatory_becter, uniq_menkaure,
          uniq_maggie, uniq_prince_ribbit1
D:7:      layout_cave_pods, general_overflow_altar, minmay_temple_entry_slanted,
          uniq_duvessa
D:8:      layout_basic, mainiacjoe_overflow_brackets, minmay_tree_intersection,
          grunt_ministairs_6
D:9:      minmay_the_grid_octo_tiled_squarecenter
          [minmay_the_grid_octo_clover_2, minmay_the_grid_octo_empty,
          minmay_the_grid_octo_fat_diamond, minmay_the_grid_octo_focus,
          minmay_the_grid_square_5x5_megaprize_diamond,
          minmay_the_grid_square_5x5_n,
          minmay_the_grid_square_5x5_fancy_junction,
          minmay_the_grid_square_5x5_inner_i,
          minmay_the_grid_square_5x5_checkered], layout_loops_ring,
          mainiacjoe_overflow_tiny_flanked, erik_lair_orcish_takeover,
          uniq_joseph
D:10:     layout_loops_corners, kennysheep_mini_moat,
          mainiacjoe_overflow_large_starburst, mainiacjoe_overflow_alcove_4
D:11:     wander_river, layout_irregular_city
D:12:     layout_roguey, gauntlet_entry_generic
D:13:     layout_stronghold, serial_shops, nicolae_shop_hallway_plus,
          uniq_josephine
D:14:     minmay_bloctagon, layout_loops_ring, erik_vaults_1,
          amcnicky_mini_pool_small
D:15:     grunt_enter_depths_hoard, layout_cave_pods,
          chequers_serial_rivers_small_3, minmay_door_square,
          grunt_decor_arrowhead, uniq_rupert
Lair:1:   layout_big_grid, serial_bayou_shore_a
Lair:2:   layout_gridlike, swamp_mist_pool, special_room [special_room_bee],
          infiniplex_staircase_pool, uniq_harold
Lair:3:   layout_misc_corridors, minmay_snake_entry_six_corridors
Lair:4:   layout_cave_pods, hellmonk_ghost_happy_afterlife
Lair:5:   grunt_lair_end_beastmaster, layout_gridlike,
          minmay_slime_entry_oklob_enclosed, special_room
          [special_room_mythical_zoo], grunt_megastairs_4
Swamp:1:  layout_basic_swamp, nicolae_swamp_godswood, uniq_jorgrun
Swamp:2:  layout_falls_marsh, nicolae_swamp_little_tower,
          nicolae_swamp_feature_on_the_river_bank
Swamp:3:  layout_basic_swamp, portal_ice_cave_entry_ice_statue_two,
          evilmike_swamp_ruin_house_2, uniq_mara
Swamp:4:  nzn_swamp_witches_coven, layout_basic_swamp,
          gammafunk_ghost_berserking_beasts, uniq_aizul
Snake:1:  layout_concentric_octagons, nicolae_triple_integral
Snake:2:  layout_misc_corridors, nicolae_snake_horde_hoard
Snake:3:  layout_rooms
Snake:4:  grunt_snake_rune_pools, layout_onion, serial_shops, shop, basic_altar,
          minmay_shoptagon, grunt_megastairs_3
Orc:1:    layout_caves, basic_altar
Orc:2:    st_orc_pillars, layout_diamond_mine, uniq_sonja
Elf:1:    eino_elf_arrival_sip, layout_loops_cross, orc_legates, st_stairs_6,
          nicolae_shop_clearance
Vaults:1: dpeg_vaults_monster_doublerow, hangedman_vaults_pinch,
          vaults_dpeg_spiral, ontoclasm_vaults_fault,
          nicolae_vaults_network_quincunx
          [nicolae_vaults_network_quincunx_subvault,
          nicolae_vaults_network_quincunx_subvault,
          nicolae_vaults_network_quincunx_subvault,
          nicolae_vaults_network_quincunx_subvault,
          nicolae_vaults_network_quincunx_subvault], vaults_room_fours,
          v_misc_2, v_misc_23, vaults_dpeg_emergency_exit,
          nicolae_vaults_shelves_hall, v_pattern_4,
          nicolae_vaults_little_squares_3, layout_vaults_maze
Vaults:2: nicolae_vaults_network_periphery, nicolae_vaults_arrows,
          nicolae_vaults_mini_display_case, vaults_room_corners, v_rooms_3,
          hangedman_vaults_snaps, nicolae_vaults_hallways_thing,
          nicolae_vaults_specimen_jars, nicolae_vaults_theta,
          vaults_room_door_ring, v_misc_23, nicolae_vaults_little_squares_6,
          vaults_dpeg_ring, layout_vaults_big_cross, uniq_donald
Vaults:3: ontoclasm_vaults_eye, v_misc_16, hangedman_vaults_impose,
          vaults_room_door_hall, nicolae_vaults_network_barrier,
          minmay_crypt_entry_simple_walls, v_misc_17,
          hangedman_vaults_hard_town_square, vaults_room_door_ring,
          v_alt_pattern_6, nicolae_vaults_diagonal_hallway_7,
          layout_vaults_omnibox, serial_shops, bzr_entry_gold
Vaults:4: vaults_room_large_hall, v_pattern_2, v_alt_pattern_3,
          vaults_room_ringed_pool, v_misc_19, ontoclasm_vaults_hangar,
          nicolae_vaults_diagonal_hallway_7, vaults_mumra_chevron, v_rooms_2,
          hangedman_vaults_trim, v_rooms_5, nicolae_vaults_rhombus_5,
          nicolae_vaults_gold_heap, grunt_vaults_hallway_short,
          ontoclasm_vaults_decontamination, special_room_vaults
          [special_room_orc], layout_vaults_big_room, serial_shops,
          nicolae_shop_temple_entry_statues_fountains,
          nicolae_shop_bloodbath_and_beyond, shop_fountains,
          nicolae_trove_entry_crossroad
Vaults:5: serial_shops
Depths:1: layout_twisted_cross, hangedman_coc_ice_floe, minmay_misc_feat_rugged,
          abyss_entry, minmay_misc_feat_four_crosses,
          kennysheep_cross_bottleneck, hangedman_abyss_or_decor_stagger,
          hangedman_corner_corridor
Depths:2: gammafunk_sealed_arena, layout_gridlike, enter_ziggurat_a,
          rand_demon_pan_entry_5, hell_entry, minmay_misc_feat_columns,
          nzn_life_drinkers
Depths:3: hellmonk_crumbling_castle, layout_gridlike, grunt_metal_band,
          serial_shops, nicolae_shop_statue_plus, gammafunk_ghost_ooze,
          abyss_entry, minmay_misc_feat_secret_circle, uniq_mennas
Depths:4: grunt_zot_entry_alcove, layout_basic, rand_demon_pan_entry_1,
          minmay_misc_feat_plants, hell_entry, grunt_megastairs_1, uniq_grunn
Zot:1:    hangedman_zot_vaults_quadrants, layout_cathedral_of_symmetry
Zot:2:    layout_misc_corridors, ebering_ghost_gozag
Zot:3:    layout_twisted_circle
Zot:4:    layout_cathedral_of_symmetry
Zot:5:    layout_basic

Skill      XL: |  1  2  3  4  5  6  7  8  9 10 11 12 13 14 15 16 17 18 19 20 21 22 23 24 25 |
---------------+----------------------------------------------------------------------------+-----
Axes           | 4 5 6 7 9 10 12 14 16 18 19 20 22 23 24 25 26 27 | 27.0
Fighting       | 4 5 6 7 8 10 11 12 13 14 15 16 17 18 19 21 22 23 25 26 27 | 27.0
Shields        | 2 3 5 6 8 9 11 12 | 12.2
Armour         | 3 4 6 7 8 10 11 12 14 15 16 17 18 19 20 21 22 24 25 | 25.8
Dodging        | 4 8 11 13 15 17 18 20 21 23 24 25 | 25.4
Evocations     | 2 5 7 |  7.7

Action                   |  1- 3 |  4- 6 |  7- 9 | 10-12 | 13-15 | 16-18 | 19-21 | 22-24 | 25-27 || total
-------------------------+-------+-------+-------+-------+-------+-------+-------+-------+-------++-------
Melee: Hand axe          |    63 |       |       |       |       |       |       |       |       ||    63
       Headbutt          |     9 |    10 |    27 |    91 |   150 |   174 |   258 |   276 |    31 ||  1026
       War axe           |    17 |    76 |    13 |       |       |       |       |       |       ||   106
       Broad axe         |       |       |   202 |     8 |       |       |       |       |       ||   210
       Battleaxe         |       |       |       |   458 |   298 |       |       |       |       ||   756
       Executioner's axe |       |       |       |       |   463 |   805 |   986 |   955 |   137 ||  3346
Throw: Dart              |     4 |    42 |       |    78 |       |       |       |       |       ||   124
       Stone             |       |    27 |       |       |       |       |       |       |       ||    27
       Throwing net      |       |     1 |       |       |       |       |       |       |       ||     1
Invok: Berserk           |       |       |     6 |    19 |    13 |    17 |    14 |    13 |     2 ||    84
       Trog's Hand       |       |       |       |     2 |     1 |     2 |     2 |    13 |     1 ||    21
       Brothers in Arms  |       |       |       |       |     1 |       |       |     3 |     1 ||     5
Evoke: Wand              |       |     2 |       |       |       |     1 |     9 |     4 |       ||    16
  Use: Scroll            |       |     9 |     7 |    13 |    13 |     3 |     4 |    15 |     8 ||    72
       Potion            |       |       |       |       |       |     3 |     1 |     7 |     2 ||    13
 Stab: Invisible         |       |       |       |       |     9 |    10 |    15 |    17 |       ||    51
       Distracted        |       |       |       |       |     1 |       |       |       |     1 ||     2
Armor: Animal skin       |    11 |       |       |       |       |       |       |       |       ||    11
       Ring mail         |    11 |     4 |       |       |       |       |       |       |       ||    15
       Chain mail        |       |    46 |   120 |    94 |       |       |       |       |       ||   260
       Plate armour      |       |       |       |   236 |   410 |   468 |   436 |   126 |       ||  1676
       Gold dragon scale |       |       |       |       |       |       |       |   354 |   142 ||   496
Dodge: Dodged            |    41 |    31 |    67 |   246 |   466 |   550 |   657 |   665 |   109 ||  2832
Block: Buckler           |    13 |    24 |    73 |     3 |       |       |       |       |       ||   113
       Other             |       |       |       |       |       |       |     3 |   156 |       ||   159
       Reflection        |       |       |       |       |       |       |       |    16 |       ||    16
